 Dungeon Crawl Stone Soup version 0.30.1-4-g462c640d31 (webtiles) character file.

Game seed: 8076314702161915101

14 hawla the Firebug (level 2, 0/20 HPs)
             Began as a Meteoran Fire Elementalist on Aug 20, 2023.
             Succumbed to an adder's poison
             ... on level 1 of the Dungeon.
             The game lasted 00:01:58 (378 turns).

hawla the Firebug (Meteoran Fire Elementalist)       Turns: 378, Time: 00:01:58

Health: 0/20       AC:  2    Str: 13    XL:     2   Next: 76%
Magic:  5/7        EV: 12    Int: 15    God:
Gold:   41         SH:  0    Dex: 13    Spells: 6/7 levels left

rFire   . . .        (no weapon)
rCold   . . .        (no shield)
rNeg    . . .        a - +0 robe
rPois   .            (helmet restricted)
rElec   .            (no cloak)
rCorr   .            (no gloves)
SInv    .            (no boots)
Will    .....        (no amulet)
Stlth   +            (no ring)
HPRegen 0.23/turn    (no ring)
MPRegen 0.10/turn

%: no passive effects
@: lethally poisoned (0 -> -4), glowing
A: sense surroundings 1, otherworldly, glowing, explore regen, antennae 1,
talons 1, strong 1, MP-powered wands
a: no special abilities


You were on level 1 of the Dungeon.
You visited 1 branch of the dungeon, and saw 2 of its levels.

You collected 41 gold pieces.

Inventory:

Armour
 a - a +0 robe (worn)
Scrolls
 e - a scroll of identify {unknown}
Potions
 b - 2 potions of magic


   Skills:
 + Level 2.5 Dodging
 - Level 1.4 Stealth
 + Level 3.0 Spellcasting
 + Level 1.3 Conjurations
 + Level 4.2 Fire Magic


You had 6 spell levels left.
You knew the following spells:

 Your Spells              Type           Power      Damage    Failure   Level
a - Foxfire               Conj/Fire      40%        2x1d6     6%          1

Your spell library contained the following spells:

 Spells                   Type           Power      Damage    Failure   Level
 Scorch                   Fire           30%        2d6       5%          2
 Inner Flame              Hex/Fire       8%         N/A       26%         3
 Volatile Blastmotes      Fire/Tloc      16%        2d11      26%         3
 Flame Wave               Conj/Fire      10%        2d6       54%         4


Dungeon Overview and Level Annotations

Branches:
Dungeon (2/15) Zot: 819

Altars:

Shops:
D:2 *


Innate Abilities, Weirdness & Mutations

You passively map a small area around you.
You are easily found by Zot.
You glow in the dark.
You regain HP and MP as you explore.
You have a pair of small antennae on your head.
You have sharp toenails.
Your muscles are strong. (Str +4, Int/Dex -1)
You expend magic power (3 MP) to strengthen your wands.


Message History

The adder poisons you!
You feel sick.
You feel sick. The adder bites you.
You feel sick.
You feel sick.
You are no longer poisoned.
The adder attacks as you move away! The adder closely misses you.
Found a stone staircase leading down.
The adder barely misses you.
A dart slug comes into view.
The adder barely misses you. The adder attacks as you move away!
The adder bites you. The adder attacks as you move away!
The adder bites you. x2
You are poisoned.
The adder poisons you!
There is a stone staircase leading down here.
You cannot cast spells when silenced!
You cannot cast spells when silenced!
You feel sick. The adder completely misses you.
You feel sick.
Your hearing returns.
You feel sick. The adder barely misses you.
Casting: Foxfire (safe; 6% risk of failure)
Confirm with . or Enter, or press ? or * to list all spells.
You conjure some foxfire!
You feel sick. The adder bites you.
* * * LOW HITPOINT WARNING * * *
You are more poisoned.
The adder poisons you!
It was a potion of mutation.
You feel extremely strange.
You feel your magical essence link to the dungeon's wands.
You feel stronger. A pair of antennae grows on your head!
Your toenails lengthen and sharpen.
* * * LOW HITPOINT WARNING * * *
You feel sick.
The foxfire hits the adder.
The adder is heavily wounded.
The foxfire hits the adder.
The adder is heavily wounded.
The adder barely misses you.
Casting: Foxfire (safe; 6% risk of failure)
Confirm with . or Enter, or press ? or * to list all spells.
You conjure some foxfire!
You die...

####################
#...v..............#
#...ยง@S.>..........#
#.....v............#
#######............#
#............#
#............#
#............#
#......).....#
######...........w..
#...................,


You could see an adder (ally target).

Vanquished Creatures
  A dart slug (D:1)
  A bat (D:1)
  An endoplasm (D:1)
  2 goblins (D:1)
  2 hobgoblins (D:1)
  2 ball pythons (D:1)
  A kobold (D:1)
  A rat (D:1)
11 creatures vanquished.

Vanquished Creatures (others)
  37 foxfires (D:1)
37 creatures vanquished.

Grand Total: 48 creatures vanquished

Notes
Turn   | Place    | Note
-------+----------+-------------------------------------------
     0 | D:1      | hawla the Meteoran Fire Elementalist began the quest for
                  | the Orb.
     0 | D:1      | Reached XP level 1. HP: 14/14 MP: 5/5
    38 | D:1      | Found a faded altar of an unknown god.
   128 | D:1      | Reached XP level 2. HP: 20/20 MP: 3/6
   277 | D:1      | Reached skill level 4 in Fire Magic
   347 | D:2      | Found Fiaxagh's General Store.
   377 | D:1      | Gained mutation: You expend magic power (3 MP) to
                  | strengthen your wands. [potion of mutation]
   377 | D:1      | Gained mutation: Your muscles are strong. (Str +4, Int/Dex
                  | -1) [potion of mutation]
   377 | D:1      | Gained mutation: You have a pair of small antennae on your
                  | head. [potion of mutation]
   377 | D:1      | Gained mutation: You have sharp toenails. [potion of
                  | mutation]
   377 | D:1      | HP: 1/20 [poisoned by an adder]
   378 | D:1      | Succumbed to an adder's poison

Illustrated notes

Levels and vault maps discovered:
D:1:      dpeg_arrival_brainrot, layout_basic, chequers_ecumenical_altar_island,
          minmay_pentomino_s4
D:2:      layout_basic, serial_shops, shop, shop, shop, shop,
          nicolae_shop_back_alley_shop, minmay_misc_feat_diagonals

Skill      XL: |  1  2 |
---------------+-------+-----
Fire Magic     | 4 |  4.2
Spellcasting   | 3 |  3.0
Dodging        | |  2.5
Stealth        | |  1.4
Conjurations   | |  1.3

Action                     || total
---------------------------++-------
  Melee: Unarmed           ||     1
   Cast: Foxfire           ||    29
    Use: Scroll            ||     1
         Potion            ||     1
 Armour: Robe              ||     1
  Dodge: Dodged            ||     9
